 Dungeon Crawl Stone Soup version 0.29.1-1-gd02db6906a (webtiles) character file.

Game seed: 17052883447341603635

12692 quakins the Fighter (level 12, -1/107 HPs)
             Began as a Formicid Abyssal Knight on Oct 17, 2022.
             Was a High Priest of Lugonu.
             Slain by a brown ugly thing (6 damage)
             ... while petrified by a catoblepas
             ... on level 11 of the Dungeon.
             The game lasted 00:44:02 (13706 turns).

quakins the Fighter (Formicid Abyssal Knight)      Turns: 13706, Time: 00:44:03

Health: -1/107     AC:  6    Str: 22    XL:     12   Next: 23%
Magic:  13/13      EV:  2    Int: 11    God:    Lugonu [*****.]
Gold:   55         SH:  0    Dex: 20    Spells: 11/11 levels left

rFire   . . .      SeeInvis +   n - +0 giant club
rCold   + . .      Faith    .   (shield currently unavailable)
rNeg    + + +      Spirit   .   (no body armour)
rPois   ∞          Reflect  .   (helmet unavailable)
rElec   .          Harm     .   W - +2 cloak
rCorr   .          Rampage  .   g - +0 pair of gloves
Will    +....                   C - +0 pair of boots
Stlth   ++........              s - amulet of regeneration
HPRegen 1.07/turn               L - ring of protection from cold
MPRegen 0.13/turn               N - +6 ring of dexterity

@: petrified
A: permanent stasis, dig shafts and tunnels, antennae 3, four strong arms
a: Dig, Shaft Self, Renounce Religion, Depart the Abyss, Bend Space, Banish,
Corrupt, Enter the Abyss


You were on level 11 of the Dungeon.
You worshipped Lugonu.
Lugonu was extremely pleased with you.
You visited 1 branch of the dungeon, and saw 11 of its levels.
You visited the Abyss 1 time.
You also visited: Sewer and Bailey.

You collected 783 gold pieces.
You spent 728 gold pieces at shops.

Inventory:

Hand Weapons
 n - a +0 giant club (weapon)
 K - a +0 dire flail
 U - a +0 morningstar
Missiles
 c - a throwing net
 w - 45 poisoned darts (quivered)
 O - 6 atropa-tipped darts
 P - 4 silver javelins
 V - 4 curare-tipped darts
Armour
 g - a +0 pair of gloves (worn)
 C - a +0 pair of boots (worn)
 H - a +0 buckler
 W - a +2 cloak (worn)
Jewellery
 q - a ring of ice
 s - an amulet of regeneration (around neck)
 t - an amulet of the acrobat
 L - a ring of protection from cold (left hand)
 N - a +6 ring of dexterity (right hand)
Wands
 E - a wand of iceblast (4)
 M - a wand of flame (12)
Scrolls
 d - 8 scrolls of teleportation
 h - 6 scrolls of amnesia
 i - 2 scrolls of noise {unknown}
 j - 2 scrolls of vulnerability {unknown}
 p - a scroll of magic mapping
 r - 2 scrolls of blinking
 v - 2 scrolls of acquirement {unknown}
 x - 2 scrolls of butterflies
 y - 2 scrolls of poison
 B - 2 scrolls of fear {unknown}
 D - a scroll of silence {unknown}
 G - 2 scrolls of enchant weapon
 S - 3 scrolls of enchant armour
 T - 4 scrolls of summoning
Potions
 a - 2 potions of flight {unknown}
 b - 3 potions of curing
 f - a potion of attraction
 k - 6 potions of heal wounds
 l - 2 potions of resistance
 m - 3 potions of mutation
 o - 2 potions of brilliance
 u - 3 potions of degeneration
 z - 2 potions of lignification {unknown}
 A - a potion of berserk rage {unknown}
 F - 3 potions of magic
 I - a potion of cancellation {unknown}
 Q - 2 potions of might {unknown}
 R - a potion of haste {unknown}


   Skills:
 - Level 14.0 Fighting
 - Level 12.0 Maces & Flails
 + Level 8.8 Armour
 - Level 0.8 Dodging
 - Level 2.1 Invocations


You had 11 spell levels left.
You didn't know any spells.
Your spell library contained the following spells:

 Spells                   Type           Power      Damage    Failure   Level
 Slow                     Hex            0%         N/A       34%         1
 Confusing Touch          Hex            0%         N/A       71%         3
 Dazzling Flash           Conj/Hex       0%         N/A       71%         3
 Gell's Gravitas          Tloc           0%         N/A       71%         3
 Lesser Beckoning         Tloc           0%         N/A       71%         3
 Teleport Other           Tloc           0%         N/A       71%         3
 Vampiric Draining        Necr           0%         2d6       71%         3
 Iskenderun's Mystic Bla  Conj/Tloc      0%         2d3       98%         4
 Starburst                Conj/Fire      0%         6d3       100%        6


Dungeon Overview and Level Annotations

Branches:
Dungeon (11/15)            Temple (0/1) D:7            Lair (0/5) D:11
  Sewer (visited)          Bailey (visited)
    Orc: D:9-12

Altars:
Cheibriados
Jiyva

Shops:
D:4 [


Innate Abilities, Weirdness & Mutations

You cannot be hasted, slowed, berserked, paralysed or teleported.
You can dig through walls and to a lower floor.
You have a pair of large antennae on your head. (SInv)
Your four strong arms can wield two-handed weapons with a shield.


Message History

You feel much better.
You are engulfed in calcifying dust.
You are slowing down.
The centaur shoots an arrow.
The arrow hits you!
* * * LOW HITPOINT WARNING * * *
The centaur shoots an arrow.
The arrow barely misses you.
The centaur shoots an arrow.
The arrow completely misses you.
The five-headed hydra is engulfed in calcifying dust.
The five-headed hydra is moving more slowly.
Your limbs are stiffening.
There is a stone staircase leading up, spattered with blood here.
You have turned to stone.
You stop ascending the stairs.
The centaur shoots an arrow.
The arrow hits you!
* * * LOW HITPOINT WARNING * * *
The centaur shoots an arrow.
The arrow hits you.
* * * LOW HITPOINT WARNING * * *
The five-headed hydra bites you!
* * * LOW HITPOINT WARNING * * *
The five-headed hydra bites you.
The five-headed hydra bites you but does no damage.
The five-headed hydra bites you!
* * * LOW HITPOINT WARNING * * *
The five-headed hydra bites you!
* * * LOW HITPOINT WARNING * * *
The catoblepas breathes a plume of calcifying dust at you.
The blast of calcifying dust hits you but does no damage.
The centaur shoots an arrow.
The arrow hits you.
* * * LOW HITPOINT WARNING * * *
The five-headed hydra bites you!
* * * LOW HITPOINT WARNING * * *
The five-headed hydra bites you but does no damage.
The five-headed hydra bites you!
* * * LOW HITPOINT WARNING * * *
The five-headed hydra bites you!
* * * LOW HITPOINT WARNING * * *
The five-headed hydra bites you but does no damage.
You are engulfed in calcifying dust.
The five-headed hydra stops moving altogether!
The centaur shoots an arrow.
The arrow barely misses you. The brown ugly thing punches you!
You die...

********* ############ ,,,,,,,,*
#..........# ,,,,,,,,*
#..........# ,,,,,,,,*
#..........# ,,,,,,,,*
#.u........# ,,,,,,,,*
#@D........# ,,,,,,,,*
#.Y........# **# ,,,,,,,,*
#.c...#####* *##.. ,,,,,,,,*
######.....########.... ,,,,,,,,*
#...........÷.{u.......
,,,,,,,,*##.#####.#########.#####
,,,,,,,,*#.,#.......## #*,#.#,***
,,,,,,,,*#.,#..###...#*#.##.#*,**
,,,,,,,,##..#.##,##..#*,#.§#..#,*


You could see a catoblepas, a five-headed hydra (petrified), a brown ugly thing
and a centaur.

Vanquished Creatures
  Erolcha (D:9)
  A boulder beetle (D:11)
  3 two-headed ogres
  An orc knight (Bailey)
  An oklob plant (D:11)
  A gargoyle (D:10)
  An unseen horror (D:11)
  Maggie (D:7)
  A kobold demonologist (D:9)
  A troll (D:10)
  3 hornets
  8 yaks
  Menkaure (D:6)
  Duvessa (D:6)
  A floating eye (shapeshifter) (D:11)
  3 black bears
  16 orc warriors
  Pargi (Sewer)
  The ghost of Rudyous the Trooper, an amateur HOFi (D:3)
  3 centaurs
  A phantom (D:4)
  6 kobold brigands
  Blork the orc (D:6)
  A bullfrog (D:7)
  A scorpion (D:3)
  2 gnoll sergeants (D:9)
  6 wights
  Dowan (D:6)
  10 killer bees
  The ghost of rarebit the Shooter, a weakling MfHu (D:3)
  9 howler monkeys
  4 hounds
  5 jellies
  4 orc priests
  Crazy Yiuf (D:6)
  A gnoll bouda (D:5)
  10 orc wizards
  Terence (D:2)
  4 iguanas
  19 gnolls
  8 adders
  A shadow imp (D:5)
  An ufetubus (D:6)
  2 worms
  2 dart slugs
  59 orcs
  6 endoplasms
  3 giant cockroaches
  9 goblins
  3 hobgoblins
  4 jackals (D:2)
  6 quokkas
  13 ball pythons
  8 bats
  6 frilled lizards
  37 kobolds
  6 rats
312 creatures vanquished.

Vanquished Creatures (others)
  17 fungi (D:6)
  2 plants (D:6)
  5 withered plants (D:3)
24 creatures vanquished.

Grand Total: 336 creatures vanquished

Notes
Turn   | Place    | Note
-------+----------+-------------------------------------------
     0 | Abyss:1  | quakins the Formicid Abyssal Knight began the quest for the
                  | Orb.
     0 | Abyss:1  | Reached XP level 1. HP: 18/18 MP: 2/2
     1 | D:1      | Escaped the Abyss
   109 | D:1      | Reached XP level 2. HP: 20/24 MP: 3/3
   211 | D:1      | Found a faded altar of an unknown god.
   449 | D:1      | Reached XP level 3. HP: 29/29 MP: 4/4
   730 | D:2      | Reached *** piety under Lugonu
   785 | D:2      | Noticed Terence
   791 | D:2      | Killed Terence
   792 | D:2      | Reached XP level 4. HP: 13/35 MP: 5/5
  1645 | D:3      | Found a runed translucent gate.
  1763 | D:3      | Reached XP level 5. HP: 36/41 MP: 6/6
  1795 | D:5      | Entered Level 5 of the Dungeon
  1959 | D:5      | Reached skill level 5 in Maces & Flails
  2272 | D:4      | Noticed a phantom
  2510 | D:4      | Killed a phantom
  2511 | D:4      | Reached XP level 6. HP: 35/47 MP: 7/7
  2728 | D:4      | Found Fiofaunn's Antique Armour Shop.
  2999 | D:3      | Found a snail-covered altar of Cheibriados.
  3105 | D:3      | Found a runed translucent gate.
  3105 | D:3      | Found a runed translucent gate.
  3106 | D:3      | Noticed Rudyous's ghost (amateur HOFi)
  3107 | D:3      | Noticed rarebit's ghost (weakling MfHu)
  3218 | D:3      | Reached XP level 7. HP: 31/52 MP: 8/8
  3224 | D:3      | Reached **** piety under Lugonu
  4021 | D:5      | Reached skill level 4 in Fighting
  4161 | D:5      | Reached XP level 8. HP: 61/61 MP: 9/9
  4283 | D:5      | Reached skill level 5 in Fighting
  4719 | D:6      | Noticed Blork the orc
  4736 | D:6      | Killed Blork the orc
  4938 | D:6      | Reached skill level 6 in Fighting
  5057 | D:6      | Found a glowing drain.
  5102 | D:6      | Noticed Menkaure
  5119 | D:6      | Killed Menkaure
  5120 | D:6      | Reached skill level 7 in Fighting
  5192 | Sewer    | Entered a sewer
  5206 | Sewer    | Noticed Pargi
  5214 | Sewer    | Killed Pargi
  5464 | D:6      | Reached skill level 8 in Fighting
  5529 | D:6      | Reached XP level 9. HP: 75/75 MP: 10/10
  5690 | D:6      | Noticed Dowan
  5691 | D:6      | Noticed Duvessa
  5714 | D:6      | Killed Duvessa
  5715 | D:6      | Killed Dowan
  5716 | D:6      | Reached skill level 9 in Fighting
  6008 | D:6      | Found a runed translucent door.
  6009 | D:6      | Noticed Crazy Yiuf
  6021 | D:6      | Killed Crazy Yiuf
  6304 | D:7      | Noticed Maggie
  6338 | D:7      | Killed Maggie
  6338 | D:7      | Reached ***** piety under Lugonu
  6339 | D:7      | Reached skill level 10 in Fighting
  6342 | D:7      | HP: 1/78 [kobold brigand/+0 whip (7)]
  6679 | D:7      | Found a staircase to the Ecumenical Temple.
  7084 | D:7      | Reached skill level 5 in Armour
  7437 | D:8      | Noticed a hornet
  7974 | D:8      | Reached XP level 10. HP: 77/85 MP: 11/11
  8283 | D:9      | Reached skill level 10 in Maces & Flails
  8369 | D:9      | Found a viscous altar of Jiyva.
  9012 | D:9      | Noticed a kobold demonologist
  9012 | D:9      | Noticed Erolcha
  9020 | D:9      | Noticed an ice devil
  9193 | D:9      | Killed a kobold demonologist
 10258 | D:9      | Killed Erolcha
 10259 | D:9      | Reached XP level 11. HP: 71/92 MP: 12/12
 10591 | D:10     | Entered Level 10 of the Dungeon
 10616 | D:10     | Reached skill level 11 in Fighting
 10652 | D:10     | Noticed a two-headed ogre
 10660 | D:10     | Killed a two-headed ogre
 10701 | D:10     | Reached skill level 12 in Fighting
 10914 | D:10     | Noticed a two-headed ogre
 10916 | D:10     | Killed a two-headed ogre
 11054 | D:10     | Found a flagged portal.
 11070 | Bailey   | Entered a bailey
 11158 | Bailey   | Reached skill level 13 in Fighting
 11285 | Bailey   | Noticed an orc knight
 11320 | Bailey   | HP: 2/98 [orc knight/+0 halberd (17)]
 11321 | Bailey   | Killed an orc knight
 11931 | D:11     | Identified the +9 long sword of the Arena {vorpal, rF+ rC+}
 11935 | D:11     | Noticed a boulder beetle
 12162 | D:4      | Bought a shiny plate armour for 728 gold pieces
 12509 | D:3      | Killed rarebit's ghost
 12522 | D:3      | Killed Rudyous's ghost
 12764 | D:11     | Killed a boulder beetle
 12765 | D:11     | Reached skill level 14 in Fighting
 12890 | D:11     | Noticed an oklob plant
 12906 | D:11     | Found a staircase to the Lair.
 12962 | D:11     | Killed an oklob plant
 12963 | D:11     | Reached XP level 12. HP: 79/107 MP: 13/13
 13035 | D:11     | Noticed a two-headed ogre
 13037 | D:11     | Killed a two-headed ogre
 13447 | D:11     | Noticed a seven-headed hydra
 13668 | D:11     | Noticed a five-headed hydra
 13675 | D:11     | Noticed a catoblepas
 13697 | D:11     | HP: 5/107 [centaur/arrow (8)]
 13705 | D:11     | HP: 3/107 [five-headed hydra (4)]
 13706 | D:11     | Slain by a brown ugly thing

Illustrated notes

Levels and vault maps discovered:
D:1:      grunt_arrival_crossed_arrows, layout_rooms,
          ebering_ecumenical_altar_rust
D:2:      layout_rooms, uniq_terence
D:3:      minmay_skewed_foursquare, layout_basic,
          mainiacjoe_overflow_small_starburst, gammafunk_ghost_cemetery,
          dk_noncrumbling_4, item_on_display_a
D:4:      layout_cave_pools, serial_shops, nicolae_shop_waterfront
D:5:      layout_cave_pods
D:6:      cheibrodos_two_vegetables, layout_basic, portal_sewer_entry_a,
          serial_aquarium, aquarium_bridge_square [aquarium_subvault_wall,
          aquarium_subvault_bridge, aquarium_subvault_bridge,
          aquarium_subvault_bridge], aquarium_bridge_square
          [aquarium_subvault_bridge, aquarium_subvault_window,
          aquarium_subvault_wall, aquarium_subvault_bridge],
          aquarium_window_fake, aquarium_window_fake, aquarium_window_1,
          aquarium_window_1, aquarium_view_2e, aquarium_view_2f,
          aquarium_pool_1, minivault_19, hangedman_glass_teeth,
          uniq_blork_the_orc, uniq_duvessa, uniq_crazy_yiuf_cottage,
          uniq_menkaure
D:7:      layout_basic, minmay_temple_entry_antechambers, uniq_maggie
D:8:      layout_basic, kennysheep_opposing_triangles
D:9:      layout_basic, jiyva_altar_1, uniq_erolcha
D:10:     layout_roguey, enter_bailey_6
D:11:     minmay_the_grid_4x2 [minmay_the_grid_armoury, minmay_the_grid_x,
          minmay_the_grid_spikes, minmay_the_grid_aliased_spiral,
          minmay_the_grid_tiny_cups, minmay_the_grid_spin_star,
          minmay_the_grid_box_x, minmay_the_grid_prize_trominoes],
          layout_gridville, dpeg_oklobed_lair, chequers_hall_statues_wall_a,
          minmay_between

Skill      XL: |  1  2  3  4  5  6  7  8  9 10 11 12 |
---------------+-------------------------------------+-----
Maces & Flails | 3 4 5 7 8 12 | 12.0
Fighting       | 4 8 10 14 | 14.0
Armour         | 6 7 8 |  8.8
Dodging        | |  0.8
Invocations    | |  2.1

Action                   |  1- 3 |  4- 6 |  7- 9 | 10-12 || total
-------------------------+-------+-------+-------+-------++-------
Melee: Mace              |    77 |    49 |       |       ||   126
       Flail             |       |   119 |   461 |   344 ||   924
       Punch             |       |       |     6 |     4 ||    10
       Dire flail        |       |       |       |     7 ||     7
       Giant club        |       |       |       |   225 ||   225
Throw: Dart              |       |     6 |       |       ||     6
Invok: Bend Space        |       |     1 |     2 |     4 ||     7
 Abil: Dig               |     2 |       |       |       ||     2
Evoke: Wand              |       |       |     1 |    11 ||    12
  Use: Scroll            |     2 |     2 |       |     9 ||    13
       Potion            |       |       |     2 |     8 ||    10
 Stab: Sleeping          |       |       |       |     2 ||     2
       Distracted        |       |       |       |     1 ||     1
Armor: Leather armour    |    17 |       |       |       ||    17
       Plate armour      |    37 |   168 |   358 |   361 ||   924
       Skin              |       |       |       |    37 ||    37
Dodge: Dodged            |    55 |    70 |   161 |   266 ||   552
